 Dungeon Crawl Stone Soup version 0.29.0-4-gdea44cf6ec (webtiles) character file.

Game seed: 8417885319915751240

16251 qw the Brawler (level 12, -12/118 HPs)
             Began as a Troll Cinder Acolyte on Aug 30, 2022.
             Was an Initiate of Ignis.
             Mangled by an orc warrior
             ... wielding a +0 halberd
              (19 damage)
             ... on level 11 of the Dungeon.
             The game lasted 00:06:02 (10222 turns).

qw the Brawler (Troll Cinder Acolyte)              Turns: 10222, Time: 00:06:02

Health: -12/118    AC:  7    Str: 29    XL:     12   Next: 8%
Magic:  12/12      EV:  9    Int: 10    God:    Ignis [......]
Gold:   301        SH:  0    Dex:  5    Spells: 13/13 levels left

rFire   + + .      SeeInvis .     - Unarmed
rCold   + + +      Faith    .   (no shield)
rNeg    + . .      Spirit   .   h - +2 robe {rF+}
rPois   +          Reflect  .   (helmet restricted)
rElec   .          Harm     .   l - +0 cloak of the Valley {-Cast Drain rPois rC+++}
rCorr   .          Rampage  .   (gloves unavailable)
Will    .....      NoCast   +   (boots unavailable)
Stlth   +.........              (no amulet)
HPRegen 1.09/turn               e - ring of positive energy
MPRegen 0.13/turn               (no ring)

@: about to teleport
A: large, unfitting armour, claws 3, regeneration 1, shaggy fur 1, tough skin 1
a: Renounce Religion, Rising Flame


You were on level 11 of the Dungeon.
You worshipped Ignis.
Ignis was noncommittal.
You visited 1 branch of the dungeon, and saw 14 of its levels.

You collected 697 gold pieces.
You spent 396 gold pieces at shops.


Innate Abilities, Weirdness & Mutations

You are too large for most types of armour.
You have claws for hands.
Your natural rate of healing is unusually fast.
You are covered in fur. (AC +1)
You have tough skin. (AC +1)


   Skills:
 - Level 7.0 Fighting
 - Level 7.2 Throwing
 - Level 1.0 Armour
 - Level 2.0 Dodging
 + Level 16.2 Unarmed Combat
 - Level 1.0 Spellcasting
 - Level 2.1 Fire Magic


You had 13 spell levels left.
You didn't know any spells.
Your spell library contained the following spells:

 Spells                   Type           Power      Damage    Failure   Level
 Scorch                   Fire           8%         2d5       22%         2

Inventory:

Missiles
 m - 6 boomerangs
 q - 2 large rocks (quivered)
Armour
 f - a +0 troll leather armour
 h - a +2 robe of fire resistance (worn)
 l - the +0 cloak of the Valley (worn) {-Cast Drain rPois rC+++}
   (You found it on level 6 of the Dungeon)

   rC:        It renders you almost immune to cold.
   rPois:     It protects you from poison.
   -Cast:     It prevents spellcasting.
   Drain:     It drains your maximum health when unequipped.
Jewellery
 e - a ring of positive energy (left claw)
Scrolls
 c - 4 scrolls of identify
 d - 2 scrolls of teleportation
 g - a scroll of enchant armour
Potions
 a - 4 potions of haste
 b - a potion of resistance
 i - 2 potions of heal wounds
 j - 10 potions of curing
 n - 2 potions of might

Dungeon Overview and Level Annotations

Branches:
Dungeon (14/15)            Temple (0/1) D:4             Orc (0/2) D:11
   Lair: D:8-11      Vaults: D:13-14

Altars:
Kikubaaqudgha
Makhleb
Ru
Vehumet
Wu Jian
Xom
The Shining One

Shops:
D:8 !   D:10 (   D:11 [

Annotations:
D:3 1 runed translucent door, Crazy Yiuf


Message History

You completely miss the killer bee. The killer bee stings you.
The orc hits you but does no damage.
10217 ||| Stepping ~*~*~tactically~*~*~ (outnumbered).
The killer bee attacks as you move away!
The killer bee barely misses you.
The killer bee stings you but does no damage.
10218 ||| Stepping ~*~*~tactically~*~*~ (outnumbered).
The killer bee closely misses you.
Things that are here:
a +0 troll leather armour; 14 gold pieces; a troll corpse
10219 ||| Stepping ~*~*~tactically~*~*~ (outnumbered).
The orc attacks as you move away! The orc hits you but does no damage.
An orc warrior and a killer bee come into view.
The orc warrior shouts!
The killer bee buzzes angrily.
You hear an angry buzzing noise.
A killer bee comes into view.
The killer bee barely misses you.
The orc enters a dispersal trap!
The killer bee blinks!
The wolf blinks!
The manticore blinks!
The wolf blinks!
The killer bee blinks!
You blink. 2 killer bees come into view.
The orc warrior hits you from afar with a +0 halberd!
10220 ||| Stepping ~*~*~tactically~*~*~ (outnumbered).
The killer bee buzzes angrily. x2; You hear a shout!
The wolf bites you.
The orc warrior hits you with a +0 halberd!
You barely miss the orc warrior. The wolf bites you!
The wolf barely misses you. The wolf bites you.
The orc warrior hits you with a +0 halberd!
The killer bee stings you but does no damage.
10222 ||| READING 3 scrolls of teleportation.
As you read the scroll of teleportation, it crumbles to dust.
You feel strangely unstable. The wolf bites you.
The killer bee stings you but does no damage.
The killer bee stings you! The wolf bites you.
The purple ugly thing closely misses you.
The wolf bites you. x2
The killer bee stings you but does no damage.
The orc warrior hits you with a +0 halberd!!
You die...

###..# ...
#....####....
#............
#............
#............
#....y>.\....
#...yh.......
.##!.o@yy......
..
#.....uhh.......
#..
####...y...#####
...
.####Ho.....#
...
......¤###¤##
... #.>...¤¤.#
... .
##......o.# #..
.. ...........#
..#
...###.#......#


You could see a purple ugly thing, a manticore, an orc warrior, 3 wolves, 5
killer bees and an orc.

Vanquished Creatures
  A boulder beetle (D:12)
  3 two-headed ogres
  A centaur warrior (D:13)
  A sea snake (shapeshifter) (D:13)
  A necromancer (D:13)
  Pikel (D:4)
  2 deep elf pyromancers
  2 ugly things (D:12)
  2 manticores
  A cyclops (D:13)
  An unseen horror (D:10)
  A komodo dragon (D:10)
  A freezing wraith (D:14)
  A hornet (D:9)
  6 trolls
  3 slime creatures (D:12)
  A vampire (D:11)
  A shadow (D:9)
  4 wraiths
  A wyvern (D:6)
  Grum (D:11)
  Eustachio (D:4)
  Edmund (D:4)
  3 water moccasins
  3 black bears
  2 ice beasts
  A sky beast (D:6)
  3 orc warriors
  11 centaurs
  2 lemures (D:4)
  4 kobold brigands
  A phantom (D:6)
  Blork the orc (D:4)
  4 bullfrogs
  2 necrophages
  A scorpion (D:4)
  9 wights (D:9)
  5 killer bees (D:10)
  5 howler monkeys
  9 orc priests
  3 jellies
  A gnoll bouda (D:9)
  2 hounds
  Ijyb (D:4)
  2 iguanas
  9 orc wizards
  3 polar bear simulacra (D:13)
  A yak simulacrum (D:13)
  3 wolf simulacra (D:13)
  Robin (D:3)
  15 gnolls
  5 adders
  3 white imps
  An ufetubus (D:5)
  3 worms
  A dart slug (D:2)
  47 orcs
  5 endoplasms
  5 giant cockroaches
  12 goblins
  7 hobgoblins
  4 jackals
  A quokka (D:1)
  6 ball pythons
  7 bats
  4 frilled lizards
  20 kobolds
  3 rats
  4 river rat simulacra (D:13)
283 creatures vanquished.

Vanquished Creatures (others)
  A human (D:13)
1 creature vanquished.

Grand Total: 284 creatures vanquished

Notes
Turn   | Place    | Note
-------+----------+-------------------------------------------
     0 | D:1      | qw the Troll Cinder Acolyte began the quest for the Orb.
     0 | D:1      | Reached XP level 1. HP: 22/22 MP: 1/1
     0 | D:1      | 0 ||| qw: Version: 0.1-a-95-gae9e614
     0 | D:1      | 0 ||| qw: Game counter: 4408
     0 | D:1      | 0 ||| qw: Always use a shield: true
     0 | D:1      | 0 ||| qw: God list: Okawaru
     0 | D:1      | 0 ||| qw: Allow faded altars: false
     0 | D:1      | 0 ||| qw: Do Orc after D:15 true
     0 | D:1      | 0 ||| qw: Do second Lair branch before Depths: true
     0 | D:1      | 0 ||| qw: Lair rune preference: random
     0 | D:1      | 0 ||| qw: Plans: Normal
     0 | D:1      | 0 ||| PLANNING D:1-11
    48 | D:1      | Found a faded altar of an unknown god.
    65 | D:1      | 65 ||| Stepping ~*~*~tactically~*~*~ (stealth).
   107 | D:1      | Reached XP level 2. HP: 26/29 MP: 2/2
   245 | D:1      | 245 ||| Stepping ~*~*~tactically~*~*~ (stealth).
   460 | D:1      | 460 ||| READING scroll labelled XEREH RASHE.
   461 | D:1      | 461 ||| READING scroll labelled TEZESI LYRUI.
   462 | D:1      | 462 ||| READING scroll labelled CELAMUOMISE.
   463 | D:1      | 463 ||| DRINKING 2 pink potions.
   541 | D:2      | Reached skill level 4 in Unarmed Combat
   744 | D:2      | 744 ||| Stepping ~*~*~tactically~*~*~ (stealth).
   746 | D:2      | 746 ||| Stepping ~*~*~tactically~*~*~ (hiding).
   752 | D:2      | Reached XP level 3. HP: 33/36 MP: 3/3
  1328 | D:2      | 1328 ||| READING scroll labelled SYVUKE QEUDGH.
  1329 | D:2      | 1329 ||| READING scroll labelled LAOCKUEXEH.
  1378 | D:3      | 1378 ||| STAIRDANCE
  1384 | D:3      | 1384 ||| STAIRDANCE
  1393 | D:3      | 1393 ||| STAIRDANCE
  1453 | D:3      | 1453 ||| INVOKING Fiery Armour.
  1455 | D:3      | 1455 ||| DRINKING potion of curing.
  1455 | D:3      | 1455 ||| (to cure confusion)
  1457 | D:3      | Reached skill level 5 in Unarmed Combat
  1457 | D:3      | Reached XP level 4. HP: 31/44 MP: 4/4
  1464 | D:3      | 1464 ||| FLEEEEING.
  1495 | D:3      | 1495 ||| Stepping ~*~*~tactically~*~*~ (stealth).
  1497 | D:3      | 1497 ||| Stepping ~*~*~tactically~*~*~ (stealth).
  1498 | D:3      | 1498 ||| Stepping ~*~*~tactically~*~*~ (stealth).
  1521 | D:3      | 1521 ||| Stepping ~*~*~tactically~*~*~ (stealth).
  1527 | D:3      | 1527 ||| Stepping ~*~*~tactically~*~*~ (stealth).
  1585 | D:3      | 1585 ||| Stepping ~*~*~tactically~*~*~ (hiding).
  1589 | D:3      | 1589 ||| INVOKING Fiery Armour.
  1614 | D:3      | 1614 ||| Stepping ~*~*~tactically~*~*~ (hiding).
  1615 | D:3      | 1615 ||| Stepping ~*~*~tactically~*~*~ (hiding).
  1616 | D:3      | 1616 ||| Stepping ~*~*~tactically~*~*~ (hiding).
  1617 | D:3      | 1617 ||| Stepping ~*~*~tactically~*~*~ (hiding).
  1621 | D:3      | Reached XP level 5. HP: 50/50 MP: 5/5
  1634 | D:3      | Reached skill level 6 in Unarmed Combat
  1842 | D:3      | Noticed Robin
  1848 | D:3      | 1848 ||| Stepping ~*~*~tactically~*~*~ (outnumbered).
  1855 | D:3      | Killed Robin
  1914 | D:3      | Found a runed translucent door.
  1915 | D:3      | Noticed Crazy Yiuf
  2304 | D:3      | 2304 ||| READING 2 scrolls of identify.
  2304 | D:3      | 2304 ||| IDENTIFYING dark potion
  2328 | D:4      | 2328 ||| STAIRDANCE
  2402 | D:4      | Noticed a lemure
  2402 | D:4      | Noticed a lemure
  2410 | D:4      | Killed a lemure
  2413 | D:4      | Noticed a lemure
  2420 | D:4      | 2420 ||| INVOKING Fiery Armour.
  2421 | D:4      | Killed a lemure
  2421 | D:4      | Noticed Pikel
  2427 | D:4      | Noticed a lemure
  2431 | D:4      | Killed Pikel
  2432 | D:4      | Reached skill level 8 in Unarmed Combat
  2432 | D:4      | Reached XP level 6. HP: 30/59 MP: 6/6
  2432 | D:4      | Reached XP level 7. HP: 33/66 MP: 7/7
  2459 | D:4      | 2459 ||| Stepping ~*~*~tactically~*~*~ (stealth).
  2487 | D:4      | Found a staircase to the Ecumenical Temple.
  2494 | D:4      | 2494 ||| Stepping ~*~*~tactically~*~*~ (outnumbered).
  2495 | D:4      | 2495 ||| Stepping ~*~*~tactically~*~*~ (outnumbered).
  2498 | D:4      | 2498 ||| Stepping ~*~*~tactically~*~*~ (stealth).
  2501 | D:4      | 2501 ||| Stepping ~*~*~tactically~*~*~ (hiding).
  2517 | D:4      | 2517 ||| Stepping ~*~*~tactically~*~*~ (stealth).
  2564 | D:4      | Noticed Blork the orc
  2571 | D:4      | Killed Blork the orc
  2572 | D:4      | Reached skill level 3 in Fighting
  2682 | D:4      | Found a radiant altar of Vehumet.
  2683 | D:4      | Identified the +9 spear "Neeqiw" {flame, Dex+5}
  2690 | D:4      | Found an ancient bone altar of Kikubaaqudgha.
  2696 | D:4      | Found a sacrificial altar of Ru.
  2707 | D:4      | Found a burning altar of Makhleb.
  2712 | D:4      | Found an ornate altar of the Wu Jian Council.
  2718 | D:4      | Found a glowing golden altar of the Shining One.
  2722 | D:4      | Found a shimmering altar of Xom.
  2783 | D:4      | Noticed Edmund
  2794 | D:4      | Killed Edmund
  2829 | D:4      | Noticed Ijyb
  2830 | D:4      | 2830 ||| Stepping ~*~*~tactically~*~*~ (stealth).
  2846 | D:4      | Killed Ijyb
  2847 | D:4      | Reached skill level 9 in Unarmed Combat
  2989 | D:4      | Reached skill level 1 in Dodging
  3040 | D:4      | Noticed Eustachio
  3044 | D:4      | 3044 ||| Stepping ~*~*~tactically~*~*~ (stealth).
  3045 | D:4      | 3045 ||| Stepping ~*~*~tactically~*~*~ (stealth).
  3046 | D:4      | 3046 ||| Stepping ~*~*~tactically~*~*~ (stealth).
  3050 | D:4      | 3050 ||| Stepping ~*~*~tactically~*~*~ (outnumbered).
  3067 | D:4      | Killed Eustachio
  3068 | D:4      | Reached XP level 8. HP: 75/75 MP: 8/8
  3250 | D:4      | 3250 ||| UPGRADING to +2 robe of fire resistance.
  3260 | D:4      | 3260 ||| DROPPING +0 robe.
  3261 | D:4      | 3261 ||| DRINKING 2 black potions.
  3262 | D:4      | 3262 ||| DROPPING potion of degeneration.
  3283 | D:5      | Entered Level 5 of the Dungeon
  3288 | D:5      | 3288 ||| STAIRDANCE
  3356 | D:5      | Reached skill level 10 in Unarmed Combat
  3359 | D:5      | 3359 ||| Stepping ~*~*~tactically~*~*~ (outnumbered).
  3360 | D:5      | 3360 ||| Stepping ~*~*~tactically~*~*~ (outnumbered).
  3362 | D:5      | 3362 ||| Stepping ~*~*~tactically~*~*~ (outnumbered).
  3401 | D:5      | Reached skill level 1 in Throwing
  3522 | D:5      | 3522 ||| Stepping ~*~*~tactically~*~*~ (hiding).
  3626 | D:5      | 3626 ||| Stepping ~*~*~tactically~*~*~ (outnumbered).
  3628 | D:5      | 3628 ||| FLEEEEING.
  3629 | D:5      | 3629 ||| FLEEEEING.
  3630 | D:5      | 3630 ||| FLEEEEING.
  3631 | D:5      | 3631 ||| FLEEEEING.
  3632 | D:5      | 3632 ||| FLEEEEING.
  3633 | D:5      | 3633 ||| FLEEEEING.
  3634 | D:5      | 3634 ||| FLEEEEING.
  3635 | D:5      | 3635 ||| FLEEEEING.
  3636 | D:5      | 3636 ||| FLEEEEING.
  3637 | D:5      | 3637 ||| FLEEEEING.
  3638 | D:5      | 3638 ||| FLEEEEING.
  3639 | D:5      | 3639 ||| FLEEEEING.
  3640 | D:5      | 3640 ||| FLEEEEING.
  3641 | D:5      | 3641 ||| FLEEEEING.
  3642 | D:5      | 3642 ||| FLEEEEING.
  3643 | D:5      | 3643 ||| FLEEEEING.
  3644 | D:5      | 3644 ||| FLEEEEING.
  3645 | D:5      | 3645 ||| FLEEEEING.
  3646 | D:5      | 3646 ||| FLEEEEING.
  3647 | D:5      | 3647 ||| FLEEEEING.
  3648 | D:5      | 3648 ||| FLEEEEING.
  3649 | D:5      | 3649 ||| FLEEEEING.
  3650 | D:5      | 3650 ||| FLEEEEING.
  3651 | D:5      | 3651 ||| FLEEEEING.
  3652 | D:5      | 3652 ||| FLEEEEING.
  3653 | D:5      | 3653 ||| Stepping ~*~*~tactically~*~*~ (hiding).
  3657 | D:5      | 3657 ||| Stepping ~*~*~tactically~*~*~ (hiding).
  3735 | D:5      | 3735 ||| Stepping ~*~*~tactically~*~*~ (hiding).
  3737 | D:5      | 3737 ||| Stepping ~*~*~tactically~*~*~ (hiding).
  3842 | D:5      | 3842 ||| UPGRADING to ring of positive energy.
  3843 | D:5      | 3843 ||| READING scroll labelled OME DYVINALE.
  3844 | D:5      | 3844 ||| READING 2 scrolls of identify.
  3844 | D:5      | 3844 ||| IDENTIFYING viscous cyan potion
  3845 | D:5      | 3845 ||| DROPPING potion of attraction.
  3861 | D:6      | 3861 ||| Stepping ~*~*~tactically~*~*~ (stealth).
  3862 | D:6      | 3862 ||| Stepping ~*~*~tactically~*~*~ (stealth).
  3863 | D:6      | 3863 ||| Stepping ~*~*~tactically~*~*~ (stealth).
  4043 | D:6      | Reached skill level 11 in Unarmed Combat
  4098 | D:6      | 4098 ||| Stepping ~*~*~tactically~*~*~ (stealth).
  4100 | D:6      | 4100 ||| INVOKING Fiery Armour.
  4103 | D:6      | 4103 ||| Stepping ~*~*~tactically~*~*~ (outnumbered).
  4104 | D:6      | 4104 ||| Stepping ~*~*~tactically~*~*~ (outnumbered).
  4105 | D:6      | 4105 ||| Stepping ~*~*~tactically~*~*~ (outnumbered).
  4106 | D:6      | 4106 ||| Stepping ~*~*~tactically~*~*~ (outnumbered).
  4107 | D:6      | 4107 ||| Stepping ~*~*~tactically~*~*~ (outnumbered).
  4120 | D:6      | Reached XP level 9. HP: 84/84 MP: 9/9
  4128 | D:6      | 4128 ||| Stepping ~*~*~tactically~*~*~ (stealth).
  4132 | D:6      | 4132 ||| Stepping ~*~*~tactically~*~*~ (stealth).
  4634 | D:6      | Identified the +0 cloak of the Valley {-Cast Drain rPois
                  | rC+++}
  4645 | D:6      | Reached skill level 12 in Unarmed Combat
  4697 | D:6      | 4697 ||| Stepping ~*~*~tactically~*~*~ (stealth).
  4699 | D:6      | 4699 ||| Stepping ~*~*~tactically~*~*~ (hiding).
  5182 | D:6      | 5182 ||| UPGRADING to +0 cloak of the Valley {-Cast Drain
                  | rPois rC+++}.
  5187 | D:6      | 5187 ||| READING scroll labelled DAPLUEP GAIGH.
  5188 | D:6      | 5188 ||| DRINKING 2 cyan potions.
  5189 | D:6      | 5189 ||| DRINKING 2 fuming brown potions.
  5221 | D:6      | 5221 ||| READING 2 scrolls of identify.
  5221 | D:6      | 5221 ||| IDENTIFYING grey potion
  5222 | D:6      | 5222 ||| DROPPING potion of brilliance.
  5223 | D:6      | 5223 ||| DROPPING potion of lignification.
  5308 | D:7      | 5308 ||| Stepping ~*~*~tactically~*~*~ (stealth).
  5317 | D:7      | 5317 ||| Stepping ~*~*~tactically~*~*~ (outnumbered).
  5318 | D:7      | 5318 ||| INVOKING Fiery Armour.
  5319 | D:7      | 5319 ||| Stepping ~*~*~tactically~*~*~ (outnumbered).
  5340 | D:7      | 5340 ||| FLEEEEING.
  5341 | D:7      | 5341 ||| FLEEEEING.
  5342 | D:7      | 5342 ||| FLEEEEING.
  5382 | D:7      | 5382 ||| FLEEEEING.
  5383 | D:7      | 5383 ||| FLEEEEING.
  5384 | D:7      | 5384 ||| FLEEEEING.
  5385 | D:7      | 5385 ||| FLEEEEING.
  5386 | D:7      | 5386 ||| FLEEEEING.
  5387 | D:7      | 5387 ||| FLEEEEING.
  5392 | D:7      | 5392 ||| FLEEEEING.
  5395 | D:7      | 5395 ||| FLEEEEING.
  5396 | D:7      | 5396 ||| FLEEEEING.
  5397 | D:7      | 5397 ||| FLEEEEING.
  5398 | D:7      | 5398 ||| FLEEEEING.
  5399 | D:7      | 5399 ||| FLEEEEING.
  5400 | D:7      | 5400 ||| FLEEEEING.
  5401 | D:7      | 5401 ||| FLEEEEING.
  5402 | D:7      | 5402 ||| FLEEEEING.
  5403 | D:7      | 5403 ||| FLEEEEING.
  5404 | D:7      | 5404 ||| FLEEEEING.
  5405 | D:7      | 5405 ||| FLEEEEING.
  5406 | D:7      | 5406 ||| FLEEEEING.
  5407 | D:7      | 5407 ||| FLEEEEING.
  5441 | D:7      | 5441 ||| Stepping ~*~*~tactically~*~*~ (hiding).
  5443 | D:7      | 5443 ||| Stepping ~*~*~tactically~*~*~ (hiding).
  5444 | D:7      | 5444 ||| Stepping ~*~*~tactically~*~*~ (hiding).
  5509 | D:7      | 5509 ||| Stepping ~*~*~tactically~*~*~ (stealth).
  5891 | D:8      | Found Fiohese's Distillery.
  5897 | D:8      | 5897 ||| BUYING 2 potions of haste (240 gold).
  5897 | D:8      | Bought 2 potions of haste for 240 gold pieces
  5897 | D:8      | 5897 ||| BUYING potion of curing (36 gold).
  5897 | D:8      | Bought a potion of curing for 36 gold pieces
  5897 | D:8      | 5897 ||| BUYING potion of heal wounds (60 gold).
  5897 | D:8      | Bought a potion of heal wounds for 60 gold pieces
  5897 | D:8      | 5897 ||| BUYING potion of heal wounds (60 gold).
  5897 | D:8      | Bought a potion of heal wounds for 60 gold pieces
  5897 | D:8      | 5897 ||| SHOPLISTING potion of might (48 gold, have 2).
  5897 | D:8      | 5897 ||| SHOPLISTING potion of mutation (96 gold, have 2).
  5921 | D:8      | 5921 ||| Stepping ~*~*~tactically~*~*~ (stealth).
  5928 | D:8      | 5928 ||| Stepping ~*~*~tactically~*~*~ (stealth).
  6044 | D:8      | 6044 ||| Stepping ~*~*~tactically~*~*~ (stealth).
  6084 | D:8      | 6084 ||| INVOKING Fiery Armour.
  6121 | D:8      | Reached skill level 13 in Unarmed Combat
  6148 | D:8      | 6148 ||| Stepping ~*~*~tactically~*~*~ (hiding).
  6330 | D:8      | Reached skill level 1 in Armour
  6713 | D:8      | 6713 ||| READING scroll labelled WIOSCH GIBRAMMEDEQ.
  6718 | D:8      | 6718 ||| READING 3 scrolls of identify.
  6718 | D:8      | 6718 ||| IDENTIFYING brown potion
  6719 | D:8      | 6719 ||| READING 2 scrolls of identify.
  6719 | D:8      | 6719 ||| IDENTIFYING green potion
  6720 | D:8      | 6720 ||| DROPPING potion of flight.
  6721 | D:8      | 6721 ||| DROPPING potion of magic.
  6751 | D:9      | 6751 ||| STAIRDANCE
  6937 | D:9      | Reached XP level 10. HP: 84/95 MP: 10/10
  6940 | D:9      | 6940 ||| FLEEEEING.
  7001 | D:9      | 7001 ||| Stepping ~*~*~tactically~*~*~ (outnumbered).
  7003 | D:9      | 7003 ||| Stepping ~*~*~tactically~*~*~ (outnumbered).
  7004 | D:9      | 7004 ||| Stepping ~*~*~tactically~*~*~ (outnumbered).
  7007 | D:9      | 7007 ||| Stepping ~*~*~tactically~*~*~ (outnumbered).
  7010 | D:9      | 7010 ||| Stepping ~*~*~tactically~*~*~ (outnumbered).
  7072 | D:9      | 7072 ||| Stepping ~*~*~tactically~*~*~ (hiding).
  7080 | D:9      | 7080 ||| Stepping ~*~*~tactically~*~*~ (hiding).
  7095 | D:9      | Reached skill level 14 in Unarmed Combat
  7766 | D:10     | Entered Level 10 of the Dungeon
  7766 | D:10     | Found Cuguss's Antique Weapon Shoppe.
  7808 | D:10     | Noticed a two-headed ogre
  7809 | D:10     | 7809 ||| FLEEEEING.
  7810 | D:10     | 7810 ||| FLEEEEING.
  7811 | D:10     | 7811 ||| FLEEEEING.
  7826 | D:10     | Reached skill level 6 in Fighting
  7931 | D:10     | Killed a two-headed ogre
  7997 | D:10     | 7997 ||| INVOKING Fiery Armour.
  8002 | D:10     | 8002 ||| FLEEEEING.
  8003 | D:10     | 8003 ||| FLEEEEING.
  8004 | D:10     | 8004 ||| FLEEEEING.
  8008 | D:10     | 8008 ||| FLEEEEING.
  8009 | D:10     | 8009 ||| FLEEEEING.
  8010 | D:10     | 8010 ||| FLEEEEING.
  8013 | D:10     | 8013 ||| FLEEEEING.
  8014 | D:10     | 8014 ||| FLEEEEING.
  8015 | D:10     | 8015 ||| FLEEEEING.
  8017 | D:10     | 8017 ||| FLEEEEING.
  8022 | D:10     | 8022 ||| FLEEEEING.
  8023 | D:10     | 8023 ||| FLEEEEING.
  8028 | D:10     | 8028 ||| STAIRDANCE
  8053 | D:10     | 8053 ||| STAIRDANCE
  8110 | D:10     | Identified the +4 chain mail of the Swan {-Tele Int+5
                  | Stlth+}
  8179 | D:10     | 8179 ||| Stepping ~*~*~tactically~*~*~ (hiding).
  8246 | D:10     | 8246 ||| Stepping ~*~*~tactically~*~*~ (stealth).
  8256 | D:10     | Reached skill level 15 in Unarmed Combat
  8258 | D:10     | 8258 ||| FLEEEEING.
  8259 | D:10     | 8259 ||| FLEEEEING.
  8260 | D:10     | 8260 ||| FLEEEEING.
  8261 | D:10     | 8261 ||| FLEEEEING.
  8262 | D:10     | 8262 ||| FLEEEEING.
  8263 | D:10     | 8263 ||| FLEEEEING.
  8264 | D:10     | 8264 ||| FLEEEEING.
  8684 | D:11     | You fall into a shaft and drop 3 floors!
  8874 | D:14     | Noticed a deep elf pyromancer
  8875 | D:14     | 8875 ||| Stepping ~*~*~tactically~*~*~ (hiding).
  8876 | D:14     | 8876 ||| Stepping ~*~*~tactically~*~*~ (hiding).
  8877 | D:14     | 8877 ||| Stepping ~*~*~tactically~*~*~ (hiding).
  8887 | D:14     | Killed a deep elf pyromancer
  8888 | D:14     | Reached XP level 11. HP: 93/105 MP: 11/11
  8918 | D:14     | 8918 ||| READING 2 scrolls labelled ZIUN DASYRETI.
  8919 | D:14     | 8919 ||| DROPPING scroll of vulnerability.
  8981 | D:13     | 8981 ||| Stepping ~*~*~tactically~*~*~ (stealth).
  8998 | D:13     | 8998 ||| INVOKING Fiery Armour.
  9126 | D:13     | Noticed an orb spider
  9127 | D:13     | 9127 ||| INVOKING Fiery Armour.
  9144 | D:13     | Noticed a sea snake
  9144 | D:13     | an orb spider changed into a sea snake
  9147 | D:13     | Killed a sea snake
  9295 | D:13     | Noticed a necromancer
  9296 | D:13     | 9296 ||| Stepping ~*~*~tactically~*~*~ (hiding).
  9317 | D:13     | Killed a necromancer
  9332 | D:13     | 9332 ||| INVOKING Fiery Armour.
  9339 | D:13     | 9339 ||| Stepping ~*~*~tactically~*~*~ (stealth).
  9341 | D:13     | 9341 ||| Stepping ~*~*~tactically~*~*~ (stealth).
  9434 | D:13     | Noticed a centaur warrior
  9439 | D:13     | Reached skill level 16 in Unarmed Combat
  9442 | D:13     | Killed a centaur warrior
  9535 | D:13     | 9535 ||| DROPPING +6 ring of intelligence.
  9536 | D:13     | 9536 ||| READING scroll labelled TANWUY NITER.
  9537 | D:13     | 9537 ||| READING 5 scrolls of identify.
  9537 | D:13     | 9537 ||| IDENTIFYING bubbling sapphire potion
  9538 | D:13     | 9538 ||| DROPPING potion of berserk rage.
  9566 | D:12     | Reached skill level 3 in Throwing
  9577 | D:12     | Noticed a deep elf pyromancer
  9582 | D:12     | 9582 ||| Stepping ~*~*~tactically~*~*~ (outnumbered).
  9583 | D:12     | 9583 ||| Stepping ~*~*~tactically~*~*~ (outnumbered).
  9586 | D:12     | 9586 ||| Stepping ~*~*~tactically~*~*~ (outnumbered).
  9587 | D:12     | 9587 ||| Stepping ~*~*~tactically~*~*~ (outnumbered).
  9593 | D:12     | 9593 ||| INVOKING Fiery Armour.
  9595 | D:12     | Killed a deep elf pyromancer
  9692 | D:12     | Noticed a brown ugly thing
  9697 | D:12     | Killed a brown ugly thing
  9736 | D:12     | Noticed a brown ugly thing
  9737 | D:12     | Noticed a boulder beetle
  9738 | D:12     | 9738 ||| INVOKING Fiery Armour.
  9746 | D:12     | Killed a brown ugly thing
  9752 | D:12     | HP: 7/109 [boulder beetle (22)]
  9753 | D:12     | 9753 ||| READING 3 scrolls of teleportation.
  9754 | D:12     | 9754 ||| DRINKING 4 potions of heal wounds.
  9755 | D:12     | 9755 ||| DRINKING 3 potions of heal wounds.
  9756 | D:12     | Killed a boulder beetle
  9757 | D:12     | Reached skill level 6 in Throwing
  9818 | D:12     | Noticed a two-headed ogre
  9822 | D:12     | Killed a two-headed ogre
  9835 | D:12     | 9835 ||| Stepping ~*~*~tactically~*~*~ (hiding).
  9978 | D:12     | Noticed a two-headed ogre
  9988 | D:12     | Killed a two-headed ogre
 10062 | D:12     | 10062 ||| PLANNING TEMPLE
 10072 | D:11     | Reached XP level 12. HP: 64/118 MP: 12/12
 10168 | D:11     | 10168 ||| Stepping ~*~*~tactically~*~*~ (stealth).
 10169 | D:11     | 10169 ||| Stepping ~*~*~tactically~*~*~ (stealth).
 10170 | D:11     | 10170 ||| Stepping ~*~*~tactically~*~*~ (stealth).
 10171 | D:11     | 10171 ||| Stepping ~*~*~tactically~*~*~ (stealth).
 10172 | D:11     | 10172 ||| Stepping ~*~*~tactically~*~*~ (stealth).
 10186 | D:11     | 10186 ||| Stepping ~*~*~tactically~*~*~ (stealth).
 10187 | D:11     | 10187 ||| Stepping ~*~*~tactically~*~*~ (stealth).
 10194 | D:11     | 10194 ||| Stepping ~*~*~tactically~*~*~ (stealth).
 10197 | D:11     | 10197 ||| Stepping ~*~*~tactically~*~*~ (stealth).
 10197 | D:11     | Found a staircase to the Orcish Mines.
 10197 | D:11     | Found Veit's Armour Emporium.
 10197 | D:11     | Noticed Grum
 10198 | D:11     | 10198 ||| Stepping ~*~*~tactically~*~*~ (hiding).
 10215 | D:11     | Killed Grum
 10217 | D:11     | 10217 ||| Stepping ~*~*~tactically~*~*~ (outnumbered).
 10218 | D:11     | 10218 ||| Stepping ~*~*~tactically~*~*~ (outnumbered).
 10219 | D:11     | 10219 ||| Stepping ~*~*~tactically~*~*~ (outnumbered).
 10220 | D:11     | 10220 ||| Stepping ~*~*~tactically~*~*~ (outnumbered).
 10221 | D:11     | HP: 24/118 [orc warrior/+0 halberd (17)]
 10222 | D:11     | 10222 ||| READING 3 scrolls of teleportation.
 10222 | D:11     | HP: 10/118 [wolf[Grum] (2)]
 10222 | D:11     | Mangled by an orc warrior

Levels and vault maps discovered:
D:1:      sevenhm_arrival_forest_fort_small_6, layout_rooms,
          ebering_ecumenical_altar_sacrificial
D:2:      layout_loops_ring
D:3:      layout_loops_ring, uniq_crazy_yiuf_cottage, uniq_robin
D:4:      layout_loops_ring, grunt_temple_overflow_octagram,
          minmay_temple_entry_mini_moons, uniq_blork_the_orc, uniq_pikel,
          uniq_eustachio, uniq_edmund, uniq_ijyb
D:5:      layout_cave_pools, serial_column_ruins, column_ruins_columns_straight,
          column_ruins_open_tiny, column_ruins_open_large, column_ruins_grid_1,
          hangedman_glass_teeth
D:6:      layout_layer_cave
D:7:      layout_cave_pools, kennysheep_generic_room_8
D:8:      layout_basic, serial_shops, nicolae_stop_n_shop_2
D:9:      layout_basic
D:10:     layout_roguey, serial_shops, nicolae_shop_statue_plus
D:11:     layout_rooms, lair_entry_dummy, orc_david_3, uniq_grum
D:12:     layout_gridville
D:13:     layout_basic, ximxim_vaults_locker_room, grunt_ogre_cave,
          eino_house_with_fridge
D:14:     layout_roguey, roderic_serpentine_path

Skill      XL: |  1  2  3  4  5  6  7  8  9 10 11 12 |
---------------+-------------------------------------+-----
Unarmed Combat | 4 5 8 9 11 13 15 16 | 16.2
Fighting       | 3 4 5 6 7 |  7.0
Dodging        | 1 2 |  2.0
Throwing       | 1 2 7 |  7.2
Armour         | 1 |  1.0
Spellcasting   | |  1.0
Fire Magic     | |  2.1

Action                   |  1- 3 |  4- 6 |  7- 9 | 10-12 || total
-------------------------+-------+-------+-------+-------++-------
Melee: Unarmed           |   126 |   116 |   302 |   272 ||   816
       Punch             |     1 |     5 |     6 |     9 ||    21
Throw: Boomerang         |       |       |    81 |    52 ||   133
       Large rock        |       |       |       |    15 ||    15
Invok: Fiery Armour      |     1 |     2 |     3 |     6 ||    12
  Use: Scroll            |     5 |     1 |     7 |     5 ||    18
       Potion            |     2 |       |     3 |     2 ||     7
Armor: Robe              |    46 |    24 |    98 |   115 ||   283
Dodge: Dodged            |    41 |    35 |   101 |   105 ||   282

Table legend:
 A = Non-vault XP
 B = Vault XP
 C = Vault XP percentage of total XP
 D = Non-vault monster count
 E = Vault monster count
 F = Vault count percentage of total count
                 A         B        C        D         E       F
            +---------+---------+-------+---------+---------+-------
      Total |   20951 |    2265 |   9.8 |     249 |      32 |  11.4
            +---------+---------+-------+---------+---------+-------
        D:1 |      26 |       0 |   0.0 |      16 |       0 |   0.0
        D:2 |      49 |       0 |   0.0 |      17 |       0 |   0.0
        D:3 |     180 |      30 |  14.3 |      26 |      10 |  27.8
        D:4 |     171 |    1087 |  86.4 |      18 |       5 |  21.7
        D:5 |     520 |       0 |   0.0 |      18 |       0 |   0.0
        D:6 |    1757 |       0 |   0.0 |      28 |       0 |   0.0
        D:7 |     729 |      87 |  10.7 |      19 |       2 |   9.5
        D:8 |     643 |       0 |   0.0 |      20 |       0 |   0.0
        D:9 |    2410 |       0 |   0.0 |      35 |       0 |   0.0
       D:10 |    2652 |       0 |   0.0 |      18 |       0 |   0.0
       D:11 |    1515 |     199 |  11.6 |      11 |       3 |  21.4
       D:12 |    6071 |       0 |   0.0 |      12 |       0 |   0.0
       D:13 |    3336 |     862 |  20.5 |       9 |      12 |  57.1
       D:14 |     892 |       0 |   0.0 |       2 |       0 |   0.0
            +---------+---------+-------+---------+---------+-------
